 Dungeon Crawl Stone Soup version 0.16.1-2-g95b8d4c (webtiles) character file.

3941 Leibowitz the Nimble (level 9, 0/75 (78) HPs)
             Began as a Demigod Gladiator on Mar 25, 2015.
             Slain by a death yak (18 damage)
             ... on level 8 of the Dungeon.
             The game lasted 00:31:23 (7958 turns).

Leibowitz the Nimble (Demigod Gladiator)            Turns: 7958, Time: 00:31:23

HP:   0/75 (78)     AC:  5    Str: 18    XL:     9   Next: 70%
MP:   0/15          EV: 19    Int: 15    God:
Gold: 291           SH:  0    Dex: 20    Spells: 0 memorised, 8 levels left

rFire  + . .     SeeInvis +     a - +3 spear (pierce)
rCold  + . .     Clarity  .     e - +0 leather armour
rNeg   + . .     SustAb   +     (no shield)
rPois  .         Gourm    .     c - +0 helmet
rElec  .         Spirit   +     (no cloak)
rCorr  .         Warding  .     r - +1 pair of gloves of Awe {rC+ Str-2 Int+3}
rMut   .         Stasis   .     (no boots)
MR     .....                    j - amulet of guardian spirit
Stlth  ++........               p - ring of positive energy
                                k - ring of see invisible

@: not resistant to hostile enchantments, unstealthy
A: see invisible, deformed body, fire resistance 1, sustain abilities
a: no special abilities


You were on level 8 of the Dungeon.
You were hungry.

You visited 1 branch of the dungeon, and saw 8 of its levels.

You collected 363 gold pieces.
You spent 72 gold pieces at shops.

Inventory:

Hand weapons
 a - a +3 spear of piercing (weapon)
 b - a -3 blowgun
 n - a +0 trident
 w - a +1 halberd of freezing
Missiles
 g - 29 poisoned needles
 A - a throwing net (quivered)
Armour
 c - a +0 helmet (worn)
 e - a +0 leather armour (worn)
 r - the +1 pair of gloves of Awe (worn) {rC+ Str-2 Int+3}
   (You found it on level 5 of the Dungeon)

   It affects your strength (-2).
   It affects your intelligence (+3).
   It protects you from cold.
Jewellery
 j - an amulet of guardian spirit (around neck)
 k - a ring of see invisible (left hand)
 l - an uncursed amulet of clarity
 p - a ring of positive energy (right hand)
 y - an uncursed amulet of the gourmand
Magical devices
 v - a wand of frost (16)
 x - a wand of cold (3)
Scrolls
 d - a scroll of remove curse
 h - a scroll of amnesia
 i - 4 scrolls of fear
 o - 6 scrolls of identify
 s - 6 scrolls of teleportation
Potions
 t - a potion of restore abilities
 B - a potion of might
Comestibles
 f - 5 bread rations
 m - 3 beef jerkies
 q - a meat ration
 u - 2 slices of pizza
 z - 2 chunks of flesh


   Skills:
 + Level 6.7 Fighting
 + Level 6.5 Polearms
 + Level 2.4 Throwing
 + Level 4.7 Armour
 + Level 8.5 Dodging
 + Level 2.4 Stealth


You had 8 spell levels left.
You didn't know any spells.

Dungeon Overview and Level Annotations

Branches:
Dungeon (8/15)             Temple (0/1) D:7
   Lair: D:8-11

Shops:
D:5 }   D:6 ?*!(}


Innate Abilities, Weirdness & Mutations

Your attributes are resistant to harm.
You have supernaturally acute eyesight.
Armour fits poorly on your strangely shaped body.
Your flesh is heat resistant.


Message History

The death yak closely misses you.
You barely miss the death yak.
The death yak is moderately wounded.
The death yak misses you.
You hit the death yak but do no damage.
The death yak is moderately wounded.
You hit the death yak but do no damage.
The death yak is moderately wounded.
The death yak gores you!!
* * * LOW HITPOINT WARNING * * *
An elephant comes into view.
The elephant trumpets!
You hit the death yak.
The death yak is moderately wounded.
The death yak gores you.
* * * LOW HITPOINT WARNING * * *
You hit the death yak.
The death yak is moderately wounded.
The death yak gores you!!
You die...

.# .# ### .. ##
#.#####+#### ..
.######...#......##.# #
.#....#...#......#..# ...
..........+......+..#....
##....##'##......#§....P.
##....#......##+##†.......
.+....#......#..@YY..((Y..
.#....+......'..##B.#.....
###+###......#'## ..# .
###...###+#......#5.#
..........#......+...
..........#..........#
)...........####.....+
.###+###...# ##..##
.##..###..##### #.


You could see a death yak, an elephant, a goliath beetle and a sheep.

Vanquished Creatures
  Pikel (D:7)
  Joseph (D:7)
  A hungry ghost (D:7)
  3 ogres
  3 sky beasts
  2 ice beasts
  A phantom (D:4)
  6 centaurs
  3 giant frogs
  A wyvern zombie (D:7)
  A scorpion (D:8)
  5 wights (D:7)
  4 killer bees (D:7)
  3 crimson imps
  The ghost of Lareridan the Digger, a weakling GrEE (D:3)
  3 goliath beetles
  A centaur zombie (D:7)
  A hound (D:7)
  3 orc priests
  6 orc wizards
  2 iguanas
  3 worker ants
  A sheep (D:8)
  Ijyb (D:2)
  A hound zombie (D:6)
  2 hound skeletons
  10 adders
  7 gnolls
  3 shadow imps
  3 worms
  An adder zombie (D:5)
  7 giant geckos
  25 orcs
  A bat zombie (D:7)
  5 giant cockroaches
  15 hobgoblins
  8 jackals (D:3)
  3 quokkas
  A ball python (D:2)
  13 bats
  9 giant newts
  15 goblins
  8 kobolds
  10 rats
  A ballistomycete (D:6)
205 creatures vanquished.

Vanquished Creatures (others)
  A slave (D:7)
  Blork the orc (D:7)
  A centaur skeleton (D:7)
  An orc wizard (D:7)
  4 orcs (D:7)
  A giant spore (D:6)
9 creatures vanquished.

Grand Total: 214 creatures vanquished

Notes
Turn   | Place    | Note
--------------------------------------------------------------
     0 | D:1      | Leibowitz, the Demigod Gladiator, began the quest for the Orb.
     0 | D:1      | Reached XP level 1. HP: 17/17 MP: 2/2
   253 | D:1      | Reached XP level 2. HP: 24/24 MP: 3/3
   577 | D:1      | Reached skill level 3 in Polearms
   789 | D:2      | Found a shadowy altar of Dithmenos.
  1029 | D:2      | Reached XP level 3. HP: 15/30 MP: 3/5
  1217 | D:2      | Noticed Ijyb
  1227 | D:2      | Killed Ijyb
  1477 | D:2      | Found a shattered altar of Ashenzari.
  1682 | D:2      | Reached skill level 1 in Armour
  1919 | D:3      | Reached XP level 4. HP: 35/37 MP: 7/7
  2009 | D:3      | Noticed Lareridan's ghost (weakling GrEE)
  2033 | D:3      | Killed Lareridan's ghost
  2332 | D:3      | Reached XP level 5. HP: 35/45 MP: 8/8
  2412 | D:3      | Found a blossoming altar of Fedhas.
  2646 | D:3      | Found a sacrificial altar of Ru.
  2646 | D:3      | Found a deep blue altar of Sif Muna.
  2894 | D:4      | Noticed a phantom
  2933 | D:4      | Killed a phantom
  2933 | D:4      | Reached skill level 4 in Dodging
  3307 | D:4      | HP: 1/45 [orc/hand axe (3)]
  3312 | D:4      | Reached XP level 6. HP: 7/51 MP: 10/10
  3470 | D:4      | Noticed an ogre
  3488 | D:4      | Killed an ogre
  3978 | D:5      | Entered Level 5 of the Dungeon
  3994 | D:5      | Got a pair of polished gloves
  4000 | D:5      | Identified the +1 pair of gloves of Awe {rC+ Str-2 Int+3} (You found it on level 5 of the Dungeon)
  4410 | D:5      | Reached skill level 5 in Dodging
  4410 | D:5      | Reached XP level 7. HP: 58/58 MP: 12/12
  4419 | D:5      | Gained mutation: Your muscles are strong. (Str +2) [potion of mutation]
  4419 | D:5      | Gained mutation: You are agile. (Dex +2) [potion of mutation]
  4419 | D:5      | Gained mutation: Your mind is acute. (Int +2) [potion of mutation]
  4450 | D:5      | Found Uxotut's Gadget Shoppe.
  5032 | D:5      | Reached skill level 1 in Stealth
  5304 | D:6      | Lost mutation: Your muscles are strong. (Str +2) [potion of cure mutation]
  5304 | D:6      | Lost mutation: Your mind is acute. (Int +2) [potion of cure mutation]
  5304 | D:6      | Lost mutation: You are agile. (Dex +2) [potion of cure mutation]
  5653 | D:6      | Found an opulent altar of Gozag.
  5715 | D:6      | Reached skill level 6 in Dodging
  5756 | D:6      | Reached XP level 8. HP: 45/67 MP: 9/13
  5770 | D:6      | Found Uthriav's General Store.
  5934 | D:6      | Found Nyacret's Antique Weapon Shop.
  5947 | D:6      | Bought a glowing halberd for 72 gold pieces
  6063 | D:6      | Found Qobbai's Magic Scroll Boutique.
  6115 | D:6      | Found a glowing golden altar of the Shining One.
  6144 | D:6      | Found Nastriada's Gadget Boutique.
  6230 | D:6      | Found Nujiuc's Distillery.
  6252 | D:6      | Reached skill level 5 in Fighting
  6354 | D:7      | Reached skill level 5 in Polearms
  6362 | D:7      | Noticed Blork the orc
  6625 | D:7      | Noticed Joseph
  6633 | D:7      | Killed Joseph
  6633 | D:7      | Reached skill level 7 in Dodging
  6837 | D:7      | Reached XP level 9. HP: 75/75 MP: 15/15
  6956 | D:7      | Noticed Pikel
  6994 | D:7      | Killed Pikel
  6994 | D:7      | Reached skill level 8 in Dodging
  7003 | D:7      | Gained mutation: Armour fits poorly on your strangely shaped body. [potion of mutation]
  7003 | D:7      | Gained mutation: Your flesh is heat resistant. [potion of mutation]
  7003 | D:7      | Gained mutation: You have supernaturally acute eyesight. [potion of mutation]
  7281 | D:7      | Killed Blork the orc
  7622 | D:7      | Found a staircase to the Ecumenical Temple.
  7926 | D:8      | Noticed a death yak
  7957 | D:8      | Noticed an elephant
  7958 | D:8      | Slain by a death yak

Action                   |  1- 3 |  4- 6 |  7- 9 || total
-------------------------+-------+-------+-------++-------
Melee: Trident           |    32 |       |       ||    32
       Spear             |    89 |   246 |   266 ||   601
       Halberd           |       |       |   216 ||   216
 Fire: Blowgun           |       |       |    12 ||    12
Throw: Throwing net      |     1 |     3 |     4 ||     8
  Use: Potion            |       |    11 |     8 ||    19
       Scroll            |       |       |     9 ||     9
 Stab: Sleeping          |     1 |     1 |     4 ||     6
       Held in net/web   |       |     1 |     2 ||     3
  Eat: Chunk             |     3 |    12 |    13 ||    28
